 Dungeon Crawl Stone Soup version 0.21.1-1-g345015fe64 (webtiles) character file.

336 Peloso the Covered (level 6, -3/53 HPs)
             Began as a Minotaur Fighter on June 2, 2018.
             Slain by Sigmund
             ... wielding a +4 scythe of protection
              (7 damage)
             ... on level 4 of the Dungeon.
             The game lasted 00:08:00 (3353 turns).

Peloso the Covered (Minotaur Fighter)               Turns: 3353, Time: 00:08:00

Health: -3/53      AC:  8    Str: 26    XL:     6   Next: 28%
Magic:  5/5        EV:  8    Int:  5    God:
Gold:   194        SH: 10    Dex: 11    Spells: 5/5 levels left

rFire    . . .     SeeInvis .   x - +3 rapier
rCold    . . .     Gourm    .   c - +0 shield
rNeg     . . .     Faith    .   b - +0 scale mail
rPois    .         Spirit   .   (helmet restricted)
rElec    .         Reflect  .   (no cloak)
rCorr    .         Harm     .   (no gloves)
MR       .....                  u - +0 pair of boots
Stlth    ..........             (no amulet)
HPRegen  0.17/turn              (no ring)
MPRegen  0.09/turn              (no ring)

@: mighty, lethally poisoned (-3 -> -4)
A: retaliatory headbutt, horns 2
a: no special abilities


You were on level 4 of the Dungeon.
You were not hungry.

You visited 1 branch of the dungeon, and saw 4 of its levels.

You collected 194 gold pieces.

Inventory:

Hand Weapons
 a - a +0 long sword
 i - a +0 short sword of speed
 x - a +3 rapier (weapon)
Armour
 b - a +0 scale mail (worn)
 c - a +0 shield (worn)
 u - a +0 pair of boots (worn)
Scrolls
 g - a scroll of blinking {unknown}
 j - a scroll of amnesia {unknown}
 l - 3 scrolls of identify {unknown}
 m - 4 scrolls of teleportation {unknown}
 n - 2 scrolls of remove curse {unknown}
 t - a scroll of enchant weapon {unknown}
 v - a scroll of immolation {unknown}
 w - 4 scrolls of magic mapping {unknown}
Potions
 e - 2 potions of haste {unknown}
 h - a potion of magic {unknown}
 k - 3 potions of lignification {unknown}
 o - 2 potions of degeneration {unknown}
 p - 2 potions of agility {unknown}
 q - a potion of resistance {unknown}
 s - a potion of curing {unknown}
 z - a potion of heal wounds {unknown}
Comestibles
 f - 3 rations


   Skills:
 + Level 4.4 Fighting
 + Level 2.6(3.1) Short Blades
 + Level 2.7(3.3) Long Blades
 + Level 6.2 Armour
 + Level 0.5 Dodging
 + Level 0.1 Stealth
 + Level 5.1 Shields


You had 5 spell levels left.
You didn't know any spells.

Dungeon Overview and Level Annotations

Branches:
Dungeon (4/15)
 Temple: D:4-7

Altars:

Annotations:
D:4 Blork the orc; Sigmund; overlord24's ghost, novice DsBe


Innate Abilities, Weirdness & Mutations

You reflexively headbutt those who attack you in melee.
You have a pair of horns on your head.


Message History

The jackal closely misses you. Sigmund casts a spell at you.
You resist with some effort. The hound bites you but does no damage.
You hit Sigmund.
Sigmund is severely wounded.
You block the jackal's attack.
Blork the orc hits you but does no damage.
You block the hound's attack. You block the jackal's attack.
Sigmund casts a spell at you. The magic dart hits you!
* * * LOW HITPOINT WARNING * * *
You barely miss Sigmund.
Sigmund is severely wounded.
The hound bites you.
* * * LOW HITPOINT WARNING * * *
You block Blork the orc's attack.
The jackal bites you but does no damage.
You block the hound's attack.
Sigmund hits you with a scythe of protection!
You die...

#..###...# # ..#
##.## ..... #.. ..
#..# ##... $.. . #..#
#... .... ##.## ##..#
..... . #..# #...#
#?.... ..
#..###...##...... ..
#...##....h......
.#.......h@o......
............@.......
.....................
......#.........####.
....###.........#
.... ....#####..# ...
....## #.# ####. ..#
#. .#


You could see Blork the orc, Sigmund, a hound and a jackal.

Vanquished Creatures
  A scorpion (D:2)
  A jelly (D:3)
  An iguana (D:3)
  3 worker ants
  7 adders
  2 oozes
  2 adder skeletons
  A worm (D:3)
  2 dart slugs
  6 orcs
  7 bats
  A giant cockroach (D:2)
  8 goblins
  9 hobgoblins
  A jackal (D:4)
  13 kobolds
  2 quokkas (D:3)
  2 ball pythons
  5 frilled lizards
  7 rats
81 creatures vanquished.

Notes
Turn   | Place    | Note
-------+----------+-------------------------------------------
     0 | D:1      | Peloso the Minotaur Fighter began the quest for the Orb.
     0 | D:1      | Reached XP level 1. HP: 19/19 MP: 0/0
    86 | D:1      | Reached XP level 2. HP: 27/27 MP: 1/1
   384 | D:1      | Reached skill level 4 in Armour
  1163 | D:1      | Reached XP level 3. HP: 33/33 MP: 2/2
  1487 | D:2      | Reached XP level 4. HP: 29/40 MP: 3/3
  1512 | D:2      | Reached skill level 5 in Armour
  1996 | D:3      | Reached XP level 5. HP: 46/46 MP: 4/4
  2047 | D:3      | Reached skill level 1 in Short Blades
  2394 | D:3      | Reached skill level 5 in Shields
  2938 | D:4      | Reached skill level 6 in Armour
  2939 | D:4      | Noticed overlord24's ghost (novice DsBe)
  2952 | D:3      | Reached XP level 6. HP: 29/53 MP: 5/5
  3338 | D:4      | Noticed Sigmund
  3340 | D:4      | Noticed Blork the orc
  3353 | D:4      | Slain by Sigmund

Skill      XL: |  1  2  3  4  5 |
---------------+----------------+-----
Shields        | 4 5 |  5.1
Armour         | 4 5 6 |  6.2
Fighting       | 4 |  4.4
Short Blades   | 2 |  2.6
Long Blades    | |  2.7
Dodging        | |  0.5
Stealth        | |  0.1

Action                   |  1- 3 |  4- 6 || total
-------------------------+-------+-------++-------
Melee: Long sword        |    11 |       ||    11
       Short sword       |    84 |   122 ||   206
       Headbutt          |    13 |    24 ||    37
       Rapier            |       |    32 ||    32
  Use: Potion            |       |     1 ||     1
  Eat: Chunk             |     2 |     6 ||     8
Armor: Scale mail        |    35 |    55 ||    90
Dodge: Dodged            |    24 |    42 ||    66
Block: Shield            |    40 |    69 ||   109
       Rpst.: Long sword |     1 |       ||     1
